 Dungeon Crawl Stone Soup version 0.30-a0-900-g23479c02f2 (webtiles) character file.

Game seed: 1550546736821181399

549 Iniera the Conjurer (level 7, -4/35 HPs)
             Began as a Vine Stalker Conjurer on Mar 19, 2023.
             Was an Initiate of Vehumet.
             Slain by a killer bee (6 damage)
             ... on level 5 of the Dungeon.
             The game lasted 00:05:54 (5343 turns).

Iniera the Conjurer (Vine Stalker Conjurer)         Turns: 5343, Time: 00:05:55

Health: -4/35      AC:  5    Str:  9    XL:     7   Next: 28%
Magic:  0/14       EV: 12    Int: 20    God:    Vehumet [......]
Gold:   247        SH:  0    Dex: 13    Spells: 7/14 levels left

rFire   . . .      SeeInvis .    q - +2 dagger (drain)
rCold   . . .      Faith    .    (no shield)
rNeg    . . .      Spirit   +    a - +1 robe
rPois   +          Reflect  .    (no helmet)
rElec   .          Rampage  .    (no cloak)
rCorr   +                        (no gloves)
Will    .....                    j - +1 pair of boots
Stlth   +++                      (no amulet)
HPRegen 1.05/turn                d - ring of resist corrosion
MPRegen 0.14/turn                f - ring of poison resistance

@: mighty, brilliant
A: fangs 2, regeneration 1, magic shield, antimagic bite, no potion heal 2
a: Renounce Religion


You were on level 5 of the Dungeon.
You worshipped Vehumet.
Vehumet was noncommittal.
You visited 2 branches of the dungeon, and saw 6 of its levels.

You collected 247 gold pieces.

Inventory:

Hand Weapons
 q - a +2 dagger of draining (weapon)
Armour
 a - a +1 robe (worn)
 j - a +1 pair of boots (worn)
Magical Staves
 g - a staff of cold
Jewellery
 d - a ring of resist corrosion (left hand)
 f - a ring of poison resistance (right hand)
 r - a ring of ice
Wands
 k - a wand of mindburst (13)
Scrolls
 c - 3 scrolls of teleportation
Potions
 b - 2 potions of magic
 e - a potion of might
 i - a potion of degeneration {unknown}
 n - 2 potions of lignification {unknown}
 o - 2 potions of heal wounds {unknown}
 p - 2 potions of haste {unknown}
 s - a potion of curing {unknown}
 t - a potion of flight {unknown}


   Skills:
 + Level 2.0 Fighting
 - Level 1.5 Dodging
 + Level 4.1 Stealth
 * Level 4.3 Spellcasting
 + Level 6.2 Conjurations
 + Level 1.9 Hexes


You had 7 spell levels left.
You knew the following spells:

 Your Spells              Type           Power      Damage    Failure   Level
a - Magic Dart            Conj           100%       1d8       1%          1
b - Searing Ray           Conj           88%        2d7       1%          2
c - Fulminant Prism       Conj/Hex       15%        3d10      22%         4

Your spell library contained the following spells:

 Spells                   Type           Power      Damage    Failure   Level
 Dazzling Flash           Conj/Hex       62%        N/A       7%          3
 Cigotuvi's Dreadful Rot  Necr/Pois/Air  12%        N/A       19%         2
 Sublimation of Blood     Necr           6%         N/A       19%         2
 Wereblood                Tmut           6%         N/A       19%         2
 Iskenderun's Mystic Bla  Conj/Tloc      25%        2d7       34%         4
 Dispel Undead            Necr           6%         3d8       77%         4
 Death Channel            Necr           3%         N/A       100%        6
 Summon Hydra             Summ           3%         N/A       100%        7


Dungeon Overview and Level Annotations

Branches:
Dungeon (5/15)             Temple (1/1) D:4

Altars:
Ashenzari
Cheibriados
Dithmenos
Elyvilon
Gozag
Hepliaklqana
Kikubaaqudgha
Nemelex Xobeh
Okawaru
Qazlal
Sif Muna
Trog
Vehumet
Wu Jian
Yredelemnul
The Shining One

Annotations:
D:4 3 runed translucent doors, sugarbear's ghost, amateur OpTm


Innate Abilities, Weirdness & Mutations

You have extremely sharp teeth.
Your natural rate of healing is unusually fast.
When hurt, damage is shared between your health and your magic reserves.
Your bite disrupts and absorbs the magic of your enemies.
Potions cannot restore your health.


Message History

The killer bee barely misses you. x2
The killer bee stings you but does no damage.
Unknown command.
Unknown command.
Okay, then.
Okay, then.
Okay, then.
The air fills with toxic fumes!
As you read the scroll of poison, it crumbles to dust.
The killer bee stings you but does no damage.
The killer bee barely misses you. x4; The killer bee stings you!
The killer bee barely misses you. The killer bee stings you.
* * * LOW HITPOINT WARNING * * *
The killer bee stings you.
* * * LOW HITPOINT WARNING * * *
The killer bee closely misses you.
Unknown command.
Unknown command.
Unknown command.
It was a potion of might.
You feel very mighty all of a sudden.
The killer bee stings you but does no damage.
The killer bee closely misses you.
The killer bee stings you but does no damage. x2
The killer bee closely misses you.
The killer bee stings you but does no damage.
The killer bee stings you!
* * * LOW HITPOINT WARNING * * *
The killer bee barely misses you. The killer bee closely misses you. x2
Unknown command.
Unknown command.
Unknown command.
Unknown command.
Unknown command.
Unknown command.
Unknown command.
It was a potion of brilliance.
You feel clever all of a sudden. The killer bee stings you.
You die...

### #### # ..## #.... .#
.#.###.# #.## §# .##.#.#
#..# ###§#####
###...#####.#####§§§§§§§.
..[..............§§§§§§§.
###...#######.###§§§§§§§.
#.#.# #+#y@y§§§####
#.###. #§§§§§yyy§§§# ..#
#. #§§§§§§§§§§§# ..
..§§§§§§§§§§§§§§§ .
##§§§§§###§§§§§§ #§§§§§
§§§§§§. #§§§§§ §§§§§§.
§§§.§§ §§§§§§


You could see 5 killer bees.

Vanquished Creatures
  Grinder (D:3)
  A scorpion (D:5)
  A hound (D:5)
  A sleepcap (D:4)
  An iguana (D:4)
  3 orc wizards (D:3)
  4 gnolls
  5 adders
  A worm (D:2)
  4 orcs
  7 endoplasms
  3 giant cockroaches
  5 hobgoblins
  5 jackals
  5 quokkas
  4 ball pythons
  3 bats
  2 frilled lizards (D:1)
  6 goblins
  8 kobolds
  3 rats
73 creatures vanquished.

Notes
Turn   | Place    | Note
-------+----------+-------------------------------------------
     0 | D:1      | Iniera the Vine Stalker Conjurer began the quest for the
                  | Orb.
     0 | D:1      | Reached XP level 1. HP: 9/9 MP: 4/4
    59 | D:1      | Reached XP level 2. HP: 13/13 MP: 0/6
   552 | D:1      | Reached XP level 3. HP: 16/16 MP: 3/7
   630 | D:1      | Learned a level 2 spell: Searing Ray
  1355 | D:1      | Reached skill level 5 in Conjurations
  1355 | D:1      | Gained mutation: Your natural rate of healing is unusually
                  | fast. [Vine Stalker growth]
  1355 | D:1      | Reached XP level 4. HP: 6/21 MP: 0/9
  2347 | D:2      | Identified a scroll of acquirement
  2347 | D:2      | Acquired a ring of poison resistance
  2558 | D:3      | Found a faded altar of an unknown god.
  2572 | D:3      | Found an ornate altar of the Wu Jian Council.
  2826 | D:3      | Found an opulent altar of Gozag.
  2923 | D:3      | Reached XP level 5. HP: 25/25 MP: 4/10
  3038 | D:3      | Learned a level 4 spell: Fulminant Prism
  3070 | D:3      | Noticed Grinder
  3085 | D:3      | Killed Grinder
  3086 | D:3      | Reached skill level 1 in Fighting
  3086 | D:3      | Reached skill level 1 in Hexes
  3086 | D:3      | Reached XP level 6. HP: 23/30 MP: 1/12
  3180 | D:3      | Reached skill level 6 in Conjurations
  3429 | D:3      | Found a radiant altar of Vehumet.
  3436 | D:3      | Became a worshipper of Vehumet
  3465 | D:3      | Found an ancient bone altar of Kikubaaqudgha.
  3517 | D:3      | Found a shimmering blue altar of Sif Muna.
  3586 | D:3      | Found a hazy altar of Hepliaklqana.
  4024 | D:4      | Found a runed translucent gate.
  4024 | D:4      | Found a runed translucent gate.
  4024 | D:4      | Noticed sugarbear's ghost (amateur OpTm)
  4025 | D:4      | Found a runed translucent gate.
  4142 | D:4      | Found a broken altar of Ashenzari.
  4327 | D:4      | Found a staircase to the Ecumenical Temple.
  4383 | Temple   | Entered the Ecumenical Temple
  4767 | D:4      | Reached XP level 7. HP: 29/34 MP: 7/14
  5249 | D:5      | Entered Level 5 of the Dungeon
  5342 | D:5      | HP: 1/35 [killer bee (6)]
  5343 | D:5      | Slain by a killer bee

Illustrated notes

Levels and vault maps discovered:
D:1:      dpeg_arrival_water_temple_mockup, layout_basic
D:2:      kennysheep_big_flooded_room, layout_basic
D:3:      layout_basic, palyth_temple_overflow_mages,
          worldfamousw_hep_ancestral_shrine, pdpol_wu_jian_five_deadly_venoms,
          nicolae_gozag_cash_rules_everything_around_me,
          ebering_ecumenical_altar_mist, uniq_grinder
D:4:      layout_basic, ashenzari_conservatory_becter,
          minmay_temple_entry_sparse_star, gammafunk_ghost_split,
          bh_walls_and_bars
D:5:      kennysheep_kobold_camp, layout_basic, general_overflow_altar,
          zin_scriptorium, mainiacjoe_overflow_alcove_4, hex_intersection,
          minmay_misc_feat_plants, grunt_decor_one_mirror, serial_bayou_crossing
Temple:   kb_temple_of_zot

Skill      XL: |  1  2  3  4  5  6  7 |
---------------+----------------------+-----
Spellcasting   | 3 4 |  4.3
Conjurations   | 5 6 |  6.2
Fighting       | 1 2 |  2.0
Stealth        | 3 4 |  4.1
Hexes          | 1 |  1.9
Dodging        | |  1.5

Action                     |  1- 3 |  4- 6 |  7- 9 || total
---------------------------+-------+-------+-------++-------
  Melee: Staff             |     6 |     4 |       ||    10
         Bite              |     2 |    15 |     7 ||    24
         Dagger            |       |    46 |    24 ||    70
         Punch             |       |       |     1 ||     1
   Cast: Magic Dart        |    50 |    57 |       ||   107
         Searing Ray       |     1 |     5 |       ||     6
  Evoke: Wand              |       |     3 |       ||     3
    Use: Scroll            |     4 |     4 |     2 ||    10
         Potion            |       |       |     2 ||     2
   Stab: Sleeping          |     1 |     5 |     1 ||     7
         Distracted        |       |       |     1 ||     1
 Armour: Robe              |     3 |    11 |    17 ||    31
  Dodge: Dodged            |     4 |    36 |    31 ||    71

Table legend: (Time is in decaauts)
 A = Elapsed time spent in this place.
 B = Non-inter-level travel time spent in this place.
 C = Inter-level travel time spent in this place.
 D = Time resting spent in this place.
 E = Time spent auto-exploring this place.
 F = Levels seen in this place.
 G = Mean time per level.
                   A        B        C        D        E       F      G
               +--------+--------+--------+--------+--------+-----+--------+
         Total |   5344 |   5012 |    332 |    333 |   4093 |   6 |  890.7 |
       Dungeon |   5235 |   4920 |    315 |    333 |   4006 |   5 | 1047.0 |
        Temple |    108 |     92 |     16 |      0 |     87 |   1 |  108.0 |
               +--------+--------+--------+--------+--------+-----+--------+

Top non-repeatable levels by time:
     D:1: 1524 daAuts
     D:3: 1401 daAuts
     D:4: 1187 daAuts
     D:2: 1029 daAuts
  Temple: 108 daAuts
     D:5: 93 daAuts
